 Dungeon Crawl Stone Soup version 0.31.0-9-g3a7656b989 (webtiles) character file.

Game seed: 14521459967968177593

81 qw the Shooter (level 4, 0/22 HPs)
             Began as a Spriggan Hunter on Feb 2, 2024.
             Slain by an orc
             ... wielding a +2 falchion of holy wrath
              (3 damage)
             ... on level 2 of the Dungeon.
             The game lasted 00:00:04 (1563 turns).

qw the Shooter (Spriggan Hunter)                    Turns: 1563, Time: 00:00:05

Health: 0/22       AC:  2    Str:  7    XL:     4   Next: 19%
Magic:  5/5        EV: 19    Int: 10    God:
Gold:   135        SH:  0    Dex: 20    Spells: 3/3 levels left

rFire   . . .        a - +0 shortbow
rCold   . . .        (shield currently unavailable)
rNeg    . . .        c - +0 robe
rPois   .            (helmet restricted)
rElec   .            (no cloak)
rCorr   .            (gloves unavailable)
SInv    +            (boots unavailable)
Will    .....        (no amulet)
Stlth   ++           (no ring)
HPRegen 0.23/turn    (no ring)
MPRegen 0.09/turn

%: no passive effects
@: about to teleport, very quick
A: very small, no large weapons, unfitting armour, see invisible, speed 3
a: no special abilities


You were on level 2 of the Dungeon.
You visited 1 branch of the dungeon, and saw 3 of its levels.

You collected 135 gold pieces.


Innate Abilities, Weirdness & Mutations

You are very small and have problems with some larger weapons.
You are too small for most types of armour.
You have supernaturally acute eyesight. (SInv)
You cover ground extremely quickly. (Speed+++)


   Skills:
 - Level 1.5 Fighting
 - Level 5.2 Ranged Weapons
 + Level 4.0 Dodging
 - Level 1.5 Stealth


You had 3 spell levels left.
You didn't know any spells.
Your spell library was empty.

Inventory:

Hand Weapons
 a - a +0 shortbow (weapon)
Armour
 c - a +0 robe (worn)
Potions
 g - a potion of might
 h - 2 potions of enlightenment
 i - a potion of curing {unknown}
 j - a potion of brilliance {unknown}
 k - a potion of attraction {unknown}
 l - a potion of heal wounds {unknown}

Dungeon Overview and Level Annotations

Branches:
Dungeon (3/15)

Altars:


Message History

The orc priest looks encouraged for a moment.
The kobold hits you with a +0 dagger.
You shoot an arrow. The arrow hits the orc priest.
The orc priest is almost dead.
The orc priest completely misses you. The kobold barely misses you.
You shoot an arrow. The arrow hits the orc priest.
You kill the orc priest!
The kobold barely misses you.
Your Ranged Weapons skill increases to level 5!
You have reached level 4!
You shoot an arrow. The arrow barely misses the kobold.
The kobold closely misses you.
You shoot an arrow. The arrow hits the kobold.
You kill the kobold!
You start resting.
HP restored.
You climb downwards.
The orc closely misses you.
The orc hits you with a +2 falchion of holy wrath.
The orc hits you but does no damage. The orc closely misses you.
There is a stone staircase leading up here.
1558 ||| STAIRDANCE The orc hits you with a +2 falchion of holy wrath.
The orc hits you with a +0 club. The orc completely misses you.
You climb upwards.
There is a stone staircase leading down here.
You shoot an arrow. The arrow closely misses the orc.
The orc completely misses you. The orc misses you.
The orc hits you with a +0 whip.
You shoot an arrow. The arrow hits the orc.
The orc is moderately wounded.
The orc closely misses you. The orc misses you. x2
You shoot an arrow. The arrow hits the orc.
The orc is heavily wounded.
The orc hits you with a +2 falchion of holy wrath!
The orc hits you but does no damage. The orc completely misses you.
1563 ||| READING scroll of teleportation.
As you read the scroll of teleportation, it crumbles to dust.
You feel strangely unstable.
The orc hits you with a +2 falchion of holy wrath.
You die...

################ #.# #(#
...............##### #.#
#.# )##########........#
#.# #.# .# #..%.....# #.#
#.# .# #........#
#%####'## .# #........#
#.##..... .# #####'#####
#.##..... .# #.....)####
#.##..... .# #.....[@o.#
#.####... .# #.....oo#.#
#.####### .#
#.(.......######........
.####
#......##.......########
....#
###......##...............
###.#
#........##......##..#####
#.#
#....######......###..####
#.# #....#
#............... #.#
#....# ######+####.####


You could see 3 orcs.

Vanquished Creatures
  An orc priest (D:2)
  2 adders (D:2)
  A dart slug (D:2)
  2 endoplasms (D:2)
  A giant cockroach (D:1)
  2 goblins (D:1)
  4 hobgoblins
  4 kobolds
  A quokka (D:1)
  4 ball pythons
  5 bats
  A frilled lizard (D:2)
  3 rats
31 creatures vanquished.

Notes
Turn   | Place    | Note
-------+----------+-------------------------------------------
     0 | D:1      | qw the Spriggan Hunter began the quest for the Orb.
     0 | D:1      | Reached XP level 1. HP: 10/10 MP: 2/2
     0 | D:1      | 0 ||| qw: Version: 0.3-a-155-g5e7d8dd
     0 | D:1      | 0 ||| qw: Game counter: 892
     0 | D:1      | 0 ||| qw: Melee chars always use a shield: true
     0 | D:1      | 0 ||| qw: God list: Okawaru
     0 | D:1      | 0 ||| qw: Allow faded altars: false
     0 | D:1      | 0 ||| qw: Do Orc after clearing Dungeon:15 true
     0 | D:1      | 0 ||| qw: Do second Lair branch before Depths: true
     0 | D:1      | 0 ||| qw: Lair rune preference: random
     0 | D:1      | 0 ||| qw: Goals: Normal
     0 | D:1      | 0 ||| PLANNING D:1-11
    32 | D:1      | Reached skill level 3 in Dodging
   137 | D:1      | Reached XP level 2. HP: 14/14 MP: 3/3
   537 | D:1      | 537 ||| READING scroll labelled MONIR WEGISMIF.
   542 | D:1      | 542 ||| READING 2 scrolls labelled ZOSTRE PUR QIZA.
   542 | D:1      | 542 ||| IDENTIFYING brown potion
   543 | D:1      | 543 ||| READING scroll of identify.
   543 | D:1      | 543 ||| IDENTIFYING fizzy coppery potion
   544 | D:1      | 544 ||| READING scroll labelled KOMPANTUTA.
   545 | D:1      | 545 ||| DRINKING 3 murky orange potions.
   577 | D:1      | 577 ||| DROPPING scroll of butterflies.
   578 | D:1      | 578 ||| DROPPING 2 potions of lignification.
   579 | D:1      | 579 ||| DROPPING potion of ambrosia.
   811 | D:2      | Reached XP level 3. HP: 18/18 MP: 4/4
  1405 | D:2      | 1405 ||| READING scroll of identify.
  1405 | D:2      | 1405 ||| IDENTIFYING fizzy pink potion
  1406 | D:2      | 1406 ||| READING scroll labelled DEMPIG ULYPAGH.
  1407 | D:2      | 1407 ||| READING scroll labelled TIALAR RAAPNANEYLE.
  1508 | D:2      | 1508 ||| READING scroll labelled NITTOC CADIDI.
  1522 | D:3      | 1522 ||| STAIRDANCE
  1524 | D:3      | 1524 ||| STAIRDANCE
  1532 | D:2      | Reached skill level 5 in Ranged Weapons
  1532 | D:2      | Reached XP level 4. HP: 16/22 MP: 5/5
  1558 | D:3      | 1558 ||| STAIRDANCE
  1562 | D:2      | HP: 3/22 [orc/+2 falchion of holy wrath (7)]
  1563 | D:2      | 1563 ||| READING scroll of teleportation.
  1563 | D:2      | Slain by an orc

Levels and vault maps discovered:
D:1:      enne_arrival_octagon_isle, layout_basic, corexii_leaking_fountain
D:2:      layout_basic
D:3:      layout_rooms, mainiacjoe_overflow_divided_tiny,
          shapermc_ecumenical_altar_acropolis, kennysheep_generic_room_14,
          uniq_ijyb, uniq_crazy_yiuf_cottage, uniq_terence, uniq_robin

Skill      XL: |  1  2  3 |
---------------+----------+-----
Dodging        | 3 4 |  4.0
Ranged Weapons | 5 |  5.2
Fighting       | |  1.5
Stealth        | |  1.5

Action                     |  1- 3 |  4- 6 || total
---------------------------+-------+-------++-------
   Fire: Shortbow          |    84 |     5 ||    89
    Use: Scroll            |     8 |     1 ||     9
         Potion            |     1 |       ||     1
 Armour: Robe              |     8 |     8 ||    16
  Dodge: Dodged            |    30 |    10 ||    40

Table legend:
 A = Non-vault XP
 B = Vault XP
 C = Vault XP percentage of total XP
 D = Non-vault monster count
 E = Vault monster count
 F = Vault count percentage of total count
                 A         B        C        D         E       F
            +---------+---------+-------+---------+---------+-------
      Total |     116 |       0 |   0.0 |      31 |       0 |   0.0
            +---------+---------+-------+---------+---------+-------
        D:1 |      16 |       0 |   0.0 |      10 |       0 |   0.0
        D:2 |      98 |       0 |   0.0 |      20 |       0 |   0.0
        D:3 |       2 |       0 |   0.0 |       1 |       0 |   0.0
            +---------+---------+-------+---------+---------+-------
